 Dungeon Crawl Stone Soup version 0.30-a0-802-gb92711bcdf (webtiles) character file.

Game seed: 866826880989951745

4 cheesebisquit the Chiller (level 1, -1/14 HPs)
             Began as a Ghoul Ice Elementalist on Feb 23, 2023.
             Slain by a quokka (2 damage)
             ... on level 1 of the Dungeon.
             The game lasted 00:01:01 (105 turns).

cheesebisquit the Chiller (Ghoul Ice Elementalist)   Turns: 105, Time: 00:01:01

Health: -1/14      AC:  2    Str: 11    XL:     1   Next: 70%
Magic:  2/2        EV: 12    Int: 10    God:
Gold:   0          SH:  0    Dex:  9    Spells: 2/3 levels left

rFire   . . .      SeeInvis .      - Unarmed
rCold   + . .      Faith    .    (no shield)
rNeg    + + +      Spirit   .    a - +0 robe
rPois   ∞          Reflect  .    (no helmet)
rElec   .          Harm     .    (no cloak)
rCorr   .          Rampage  .    (no gloves)
Will    .....                    (no boots)
Stlth   ++                       (no amulet)
HPRegen 0.00/turn                (no ring)
MPRegen 0.08/turn                (no ring)

@: inhibited regen
A: claws 1, cold resistance 1, negative energy resistance 3, inhibited
regeneration, torment resistance 2, devour on kill
a: no special abilities


You were on level 1 of the Dungeon.
You visited 1 branch of the dungeon, and saw 1 of its levels.

Inventory:

Armour
 a - a +0 robe (worn)
Potions
 b - a potion of magic


   Skills:
 - Level 1.7 Dodging
 - Level 2.1 Stealth
 * Level 1.3 Unarmed Combat
 - Level 1.7 Spellcasting
 - Level 4.3 Ice Magic


You had 2 spell levels left.
You knew the following spells:

 Your Spells              Type           Power      Damage    Failure   Level
a - Freeze                Ice            36%        1d5       5%          1

Your spell library contained the following spells:

 Spells                   Type           Power      Damage    Failure   Level
 Frozen Ramparts          Ice            18%        1d3       16%         3
 Ozocubu's Armour         Ice            9%         N/A       16%         3
 Summon Ice Beast         Ice/Summ       5%         N/A       78%         4


Dungeon Overview and Level Annotations

Branches:
Dungeon (1/15)

Altars:


Innate Abilities, Weirdness & Mutations

You are immune to poison.
You have sharp fingernails.
Your flesh is cold resistant. (rC+)
You are immune to negative energy. (rN+++)
You do not regenerate when monsters are visible.
You are immune to unholy pain and torment.
You thrive by killing the living.


Message History

You are frozen.
You resist.
You scratch the endoplasm but do no damage.
The endoplasm is heavily wounded.
The endoplasm freezes you.
You are frozen.
You resist.
You scratch the endoplasm.
The endoplasm is severely wounded.
The endoplasm hits you.
You scratch the endoplasm but do no damage.
The endoplasm is severely wounded.
The endoplasm barely misses you.
You scratch the endoplasm.
You kill the endoplasm!
You feel better. The goblin hits you with a +0 dagger.
You closely miss the goblin. The goblin barely misses you.
You scratch the goblin.
The goblin is severely wounded.
The goblin closely misses you.
You scratch the goblin.
You kill the goblin!
You feel better.
Your Unarmed Combat skill increases to level 1!
Things that are here:
a +0 dagger; a goblin corpse A frilled lizard comes into view.
The helpless frilled lizard fails to defend itself.
You scratch the frilled lizard.
You kill the frilled lizard!
A quokka comes into view.
Found a bubbling grey potion and 10 gold pieces.
The quokka misses you.
You scratch the quokka but do no damage.
The quokka barely misses you.
You closely miss the quokka. The quokka barely misses you.
You barely miss the quokka. The quokka bites you.
You miss the quokka. The quokka bites you. x2
You closely miss the quokka. The quokka bites you.
* * * LOW HITPOINT WARNING * * *
You barely miss the quokka. The quokka bites you.
You die...

.....#...#.# #+#
#........+.# #.#
...).....#.###.##
................#
#...####.#.###..#
#.#........# #..#
#.########.###..##
#.#####.##$......###
#.......#....###@r.#
###.....#....#
###..# #
#.#####....# ..# #
#.# +.?..# !.$
###.###.#....# ...
.)......###+## ##
#.####### #.# #.#


You could see a quokka.

Vanquished Creatures
  An endoplasm (D:1)
  2 goblins (D:1)
  A frilled lizard (D:1)
4 creatures vanquished.

Notes
Turn   | Place    | Note
-------+----------+-------------------------------------------
     0 | D:1      | cheesebisquit the Ghoul Ice Elementalist began the quest
                  | for the Orb.
     0 | D:1      | Reached XP level 1. HP: 14/14 MP: 2/2
    58 | D:1      | Reached skill level 1 in Unarmed Combat
   105 | D:1      | Slain by a quokka

Illustrated notes

Levels and vault maps discovered:
D:1:      lightli_arrival_flooded_house, layout_basic

Skill      XL: |  1 |
---------------+----+-----
Unarmed Combat | 1 |  1.3
Dodging        | |  1.7
Stealth        | |  2.1
Spellcasting   | |  1.7
Ice Magic      | |  4.3

Action                     || total
---------------------------++-------
  Melee: Unarmed           ||    21
         Punch             ||     1
   Stab: Sleeping          ||     2
  Dodge: Dodged            ||     7

Table legend: (Time is in decaauts)
 A = Elapsed time spent in this place.
 B = Non-inter-level travel time spent in this place.
 C = Inter-level travel time spent in this place.
 D = Time resting spent in this place.
 E = Time spent auto-exploring this place.
 F = Levels seen in this place.
 G = Mean time per level.
                   A        B        C        D        E       F      G
               +--------+--------+--------+--------+--------+-----+--------+
         Total |    105 |    105 |      0 |      0 |     68 |   1 |  105.0 |
       Dungeon |    105 |    105 |      0 |      0 |     68 |   1 |  105.0 |
               +--------+--------+--------+--------+--------+-----+--------+

Top non-repeatable levels by time:
     D:1: 105 daAuts
